 Dungeon Crawl Stone Soup version 0.15-a0-217-g70ad64b (webtiles) character file.

343 Mirroar the Cudgeler (level 5, -5/46 HPs)
             Began as a Hill Orc Fighter on Apr 24, 2014.
             Was a Follower of Makhleb.
             Killed by divine providence
             ... invoked by an orc priest
              (16 damage)
             ... on Level 3 of the Dungeon.
             The game lasted 00:12:13 (2246 turns).

Mirroar the Cudgeler (Hill Orc Fighter)             Turns: 2246, Time: 00:12:13

HP  -5/46        AC 10     Str 20      XL: 5   Next: 44%
MP   6/6         EV  6     Int  8      God: Makhleb [*.....]
Gold 180         SH 18     Dex 10      Spells:  0 memorised,  4 levels left

rFire  . . .     SeeInvis .     u - +2,+1 whip (venom)
rCold  . . .     Clarity  .     b - +0 scale mail
rNeg   . . .     Conserve .     c - +0 shield
rPois  .         rCorr    .     (no helmet)
rElec  .         rRot     .     x - +0 cloak (curse)
SustAb . .       Spirit   .     l - +0 pair of gloves
rMut   .         Warding  .     o - +0 pair of boots
Saprov + . .     Stasis   .     (no amulet)
MR     .....                    (no ring)
                                (no ring)

@: not resistant to hostile enchantments, extremely unstealthy
A: saprovore 1
a: Renounce Religion, Convert to Beogh


You were on level 3 of the Dungeon.
You worshipped Makhleb.
Makhleb was aware of your devotion.
You were not hungry.

You visited 1 branch of the dungeon, and saw 3 of its levels.

You collected 180 gold pieces.

Inventory:

Hand weapons
 a - a +0,+0 flail
 u - a +2,+1 whip of venom (weapon)
Missiles
 j - 12 arrows
 t - 25 bolts
Armour
 b - a +0 scale mail (worn)
 c - a +0 shield (worn)
 l - a +0 pair of gloves (worn)
 o - a +0 pair of boots (worn)
 x - a cursed +0 cloak (worn)
Comestibles
 d - 2 meat rations
 n - 2 pears
Scrolls
 f - 3 scrolls of identify {unknown}
 i - 3 scrolls of remove curse {unknown}
 k - a scroll of recharging {unknown}
 q - a scroll of enchant weapon I {unknown}
 s - a scroll of enchant weapon II {unknown}
 v - 2 scrolls of teleportation {unknown}
Potions
 e - a potion of might
 g - a potion of invisibility {unknown}
 h - a potion of restore abilities {unknown}
 m - 2 potions of heal wounds {unknown}
 p - a potion of poison {unknown}
 r - a potion of brilliance {unknown}
 w - a potion of curing {unknown}


   Skills:
 - Level 3.9 Fighting
 * Level 5.4 Maces & Flails
 - Level 3.5 Armour
 - Level 3.3 Shields
 + Level 1.3 Invocations


You had 4 spell levels left.
You didn't know any spells.

Dungeon Overview and Level Annotations

Branches:
Dungeon (3/15)

Altars:
Makhleb


Innate Abilities, Weirdness & Mutations

You can tolerate rotten meat.


Message History

Your shield and scale mail prevent you from hitting something.
The orc priest shouts, "Beogh is our master!
Accept the truth or die!"
You closely miss the orc priest.
The orc priest invokes the aid of Beogh against you.
Something smites you! Something hits you but does no damage.
You barely miss the orc priest.
Your shield and scale mail prevent you from hitting the orc priest.
Something hits you but does no damage.
The orc priest hits you but does no damage.
You closely miss the orc priest. The orc priest barely misses you.
Something hits you but does no damage.
You closely miss the orc priest.
You hear some strange, mumbled words.
Something tries to affect you, but you resist.
The orc priest invokes the aid of Beogh against you.
Something smites you!
* * * LOW HITPOINT WARNING * * *
The orc priest mumbles some strange prayers to Beogh against you.
Something smites you!
You die... .#####.# #.. .# #.# #.# ##.. .# #.# #.## ..... .# ##.#######..# .....# .# #........#?.# ?...... .# #..#####.#..# oo... ### #..# #.#..# gS.

. ..# #..#
#.#..##o##.....
#.# #..#
#.#..@.....#
#.# #..#
#....!.....#
#.###..#
###..##.##.#
#.#....# #..#
.# # #.#.#.##
#..# .. #.#.#.#
#... ...
#.#.#.#
#.##...##
#.#.#.# #.#
#... #.#.#.#
#.# #


You could see an orc priest and an adder.

Vanquished Creatures
  A hound (D:2)
  6 adders
  A giant mite (D:3)
  2 giant geckos
  An ooze (D:2)
  5 bats
  4 giant cockroaches
  6 hobgoblins
  11 jackals
  3 quokkas
  A ball python (D:2)
  5 giant newts
  7 goblins
  9 kobolds
  12 rats
74 creatures vanquished.

Notes
Turn   | Place    | Note
--------------------------------------------------------------
     0 | D:1      | Mirroar, the Hill Orc Fighter, began the quest for the Orb.
     0 | D:1      | Reached XP level 1. HP: 19/19 MP: 1/1
   166 | D:1      | Reached XP level 2. HP: 27/27 MP: 2/2
   913 | D:2      | Reached XP level 3. HP: 33/33 MP: 3/3
  1061 | D:2      | Reached skill level 4 in Maces & Flails
  1085 | D:2      | Reached XP level 4. HP: 40/40 MP: 4/4
  1449 | D:2      | Found a burning altar of Makhleb.
  1455 | D:2      | Reached skill level 5 in Maces & Flails
  1461 | D:2      | Became a worshipper of Makhleb the Destroyer
  1814 | D:3      | Reached XP level 5. HP: 41/46 MP: 5/5
  1911 | D:3      | Reached skill level 1 in Invocations
  1942 | D:3      | Acquired Makhleb's first power
  2246 | D:3      | Killed from afar by an orc priest

Action                   |  1- 3 |  4- 6 || total
-------------------------+-------+-------++-------
Melee: Flail             |   137 |    47 ||   184
       Whip              |       |   106 ||   106
